cohdb
Replays
Latest Replays
All Replays
Popular Replays
Top Player Replays
Match Explorer
How It Works
Community
CoH3 Stats
Reddit
Sign in to upload your games and track your stats! →
Sign in with Steam
Match 43438750
Unlisted
Match 43438750
Overview
Messages
Build Orders
End
Panzergrenadier Squad
Selects Panzerjäger Kommand Battlegroup
Selects Mine Fields
Panzerpioneer Squad
250 Light Carrier
Construct Light Support Kompanie
Combat Half-tracks
Selects GrB 39 Grenade Launcher Requisition
Assault Grenadier Squad
Panzerjäger Squad
Panzerjäger Mechanized Group
Construct Mechanized Kompanie
Panzerpioneer Squad
Marder III Tank Destroyer
Selects Crew Shock Tactics
8 Rad Armored Car
Assault Mechanized Group
Panzerpioneer Squad
2.5-tonne Medical Truck
Selects Anti-tank Overwatch
Marder III Tank Destroyer
Marder III Tank Destroyer
Crew Shock Tactics
Marder III Tank Destroyer
Selects Defensive Positions
2.5-tonne Medical Truck
Crew Shock Tactics
Symbiosis
*Mule
Reakly
eliass0101
0
0
Comments
sign in to comment!
No comments posted yet!